 Dungeon Sprint DCSS version 0.29.1-2-gbd0b4ee654 (webtiles) character file.

Game seed: 14404594356001461102

12000000 Groucho the Intangible (level 27, -335/228 HPs)
             Began as a Djinni Gladiator on Oct 30, 2022.
             Was the Champion of Makhleb.
             Annihilated by a fleshlord
             ... wielding a +9 great mace
              (366 damage)
             ... in the Dungeon (Sprint VIII: "Arena of Blood").
             The game lasted 00:05:33 (120 turns).

Groucho the Intangible (Djinni Gladiator)            Turns: 120, Time: 00:05:33

Health: -335/228   AC:  8    Str: 13    XL:     27
Gold:   0          EV: 41    Int: 10    God:    Makhleb [******] SH:  0 Dex: 29

rFire   + + .      SeeInvis .   k - +∞ Axe of Woe
rCold   x . .      Faith    .   (shield currently unavailable)
rNeg    . . .      Spirit   .   b - +0 leather armour
rPois   ∞          Reflect  .   c - +0 helmet
rElec   .          Harm     .   (no cloak)
rCorr   .          Rampage  .   (no gloves)
Will    ++...      NoTele   +   (boots unavailable)
Stlth   ++++++++++              (no amulet)
HPRegen 0.48/turn               (no ring)
MPRegen 0.00/turn               (no ring)

@: flying, slowed, very slow
A: sickness immunity, fire resistance 2, cold vulnerability 1, float, innate
caster, HP casting, extra vitality 1
a: Renounce Religion, Minor Destruction, Lesser Servant of Makhleb, Major
Destruction, Greater Servant of Makhleb


You were in the Dungeon.
You worshipped Makhleb.
Makhleb was exalted by your worship.
You visited 1 branch

Inventory:

Hand Weapons
 a - a +0 war axe
 k - the +∞ Axe of Woe (weapon)
   (You found it in the Dungeon)
Missiles
 d - 3 throwing nets (quivered)
 e - a javelin
Armour
 b - a +0 leather armour (worn)
 c - a +0 helmet (worn)
Jewellery
 g - a +200 ring of slaying
 l - a +200 ring of slaying
 m - a +250 ring of slaying
 n - a +250 ring of slaying
Scrolls
 j - a scroll of blinking
Potions
 f - a potion of curing
 h - a potion of haste
 i - a potion of berserk rage


   Skills:
 O Level 27 Fighting
 O Level 27 Short Blades
 O Level 27 Long Blades
 O Level 27 Axes
 O Level 27 Maces & Flails
 O Level 27 Polearms
 O Level 27 Staves
 O Level 27 Ranged Weapons
 O Level 27 Throwing
 O Level 27 Armour
 O Level 27 Dodging
 O Level 27 Stealth
 O Level 27 Shields
 O Level 27 Unarmed Combat
 O Level 27 Spellcasting
 O Level 27 Invocations
 O Level 27 Evocations


You had 10 spell levels left.
You knew the following spells:

 Your Spells              Type           Power      Damage    Failure   Level
a - Slow                  Hex            100%       N/A       0%          1
b - Wereblood             Tmut           61%        N/A       0%          2
c - Ignite Poison         Fire/Tmut/Pois 61%        N/A       0%          3
d - Olgreb's Toxic Radia  Pois           61%        N/A       0%          4
e - Passage of Golubria   Tloc           61%        N/A       0%          4
f - Summon Mana Viper     Hex/Summ       61%        N/A       0%          5
g - Iron Shot             Conj/Erth      30%        9d6       0%          6
h - Simulacrum            Ice/Necr       30%        N/A       0%          6
i - Dispersal             Tloc           30%        N/A       0%          6
j - Borgnjor's Revivific  Necr           30%        N/A       1%          8
k - Storm Form            Tmut/Air       30%        N/A       1%          7
l - Death's Door          Necr           30%        N/A       4%          9
m - Chain Lightning       Conj/Air       30%        3d40      4%          9
Your spell library was empty.

Dungeon Overview and Level Annotations

Branches:
Dungeon (1/1)

Altars:
Makhleb


Innate Abilities, Weirdness & Mutations

You are immune to sickness and miasma.
You are immune to poison.
Your flesh is very heat resistant. (rF++)
You are vulnerable to cold. (rC-)
You float through the air rather than walking.
You learn spells naturally, not from books.
Your magical power is your life essence.
You have superior vitality. (+4 MHP)


Message History

You hear a shout!
The accursed casts a spell at you. Something smites you!
* * * LOW HITPOINT WARNING * * *
The fleshlord casts a spell.
The fleshlord seems to speed up.
You hear a shout! x2
Unknown command.
A meat berserker comes into view. It is wielding a +9 battleaxe.
You hear a shout!
You feel something staring at you. Something smites you!
* * * LOW HITPOINT WARNING * * *
You hear a shout!
The fleshlord gestures at you while chanting.
You feel yourself slow down.
You hear a shout!
The scourge throws poison sting at you. The poison arrow misses you.
An accursed comes into view.
You hear a shout! x3; You hear an angry hiss.
You hear a shout! x2
Items here: )))))))))))) ============ †††††††.
Unknown command.
Okay, then.
g - a +200 ring of slaying;
n - a +250 ring of slaying You hear a shout!
You hear a bellow!
You hear a roar!
You hear a bark!
You hear a shout!
You hear an angry hiss. x2; You hear a shout! x2
A sculptor of flesh comes into view. It is wielding a +9 great sword.
The meat beast bites you!
* * * LOW HITPOINT WARNING * * *
The meat beast tramples you but does no damage.
You hear a shout!
A bag of meat comes into view. It is wielding a +9 war axe.
Something misses you.
A sculptor of flesh comes into view. It is wielding a +9 great sword.
The scourge is engulfed in blazing flames.
The scourge completely misses you.
You hear a shout!
The fleshlord hits you with a +9 great mace!!!!!!
Ouch! That really hurt!
You die...

.... .. ..M.M....
#M.. ...# . #...
...# z ..###.o.
...###o.
.......###......
...oWo.._..O.o.z
#.2@p)# #_S○°_#
#o○o○o#
#ooo..zo)o)......
.Wo.S...###......
..o###...
...###.. .o #...
...# . #.......#
.........


You could see an accursed, a meat beast (fast), 2 scourges, a fleshlord (fast),
2 sculptors of flesh, a dread, a meat berserker (berserk) and 10 bags of meat.

Vanquished Creatures
  9 hell beasts (D)
  Edmund (D)
  5 royal mummies (D)
  2 great orbs of eyes (D)
  5 wraiths (D)
  10 vampire knights (D)
  39 ogres (D)
  4 two-headed ogres (D)
  8 liches (D)
  2 hydras (D)
  4 phantoms (D)
  52 orcs (D)
  5 skeletal warriors (D)
  A sea snake (D)
147 creatures vanquished.

Notes
Turn   | Place    | Note
-------+----------+-------------------------------------------
     0 | D        | Found the +∞ Axe of Woe
     0 | D        | Groucho the Djinni Gladiator began the quest for the Orb.
     0 | D        | Reached XP level 1. HP: 18/18 MP: 0/0
     2 | D        | Noticed a meat berserker
     2 | D        | Noticed a bag of meat
     3 | D        | Noticed a bag of meat
     4 | D        | Became a worshipper of Makhleb the Destroyer
     4 | D        | Noticed a bag of meat
     5 | D        | Noticed a bag of meat
     5 | D        | Noticed a bag of meat
     6 | D        | Noticed a bag of meat
     6 | D        | Noticed a bag of meat
     7 | D        | Killed a meat berserker
     8 | D        | Reached skill level 10 in Fighting
     8 | D        | Reached XP level 2. HP: 36/36 MP: 0/0
     8 | D        | Reached XP level 3. HP: 41/41 MP: 0/0
     8 | D        | Learned a level 1 spell: Slow
     8 | D        | Reached XP level 4. HP: 47/47 MP: 0/0
     8 | D        | Reached XP level 5. HP: 52/52 MP: 0/0
     8 | D        | Learned a level 2 spell: Wereblood
     8 | D        | Reached XP level 6. HP: 58/58 MP: 0/0
     8 | D        | Reached XP level 7. HP: 64/64 MP: 0/0
     8 | D        | Learned a level 3 spell: Ignite Poison
     8 | D        | Reached XP level 8. HP: 69/69 MP: 0/0
     8 | D        | Reached XP level 9. HP: 75/75 MP: 0/0
     8 | D        | Learned a level 4 spell: Olgreb's Toxic Radiance
     8 | D        | Reached XP level 10. HP: 81/81 MP: 0/0
     8 | D        | Reached XP level 11. HP: 86/86 MP: 0/0
     8 | D        | Learned a level 4 spell: Passage of Golubria
     8 | D        | Reached XP level 12. HP: 92/92 MP: 0/0
     8 | D        | Killed a bag of meat
     8 | D        | Reached * piety under Makhleb
     8 | D        | Noticed a bag of meat
     9 | D        | Reached XP level 13. HP: 97/97 MP: 0/0
     9 | D        | Learned a level 5 spell: Summon Mana Viper
     9 | D        | Killed a bag of meat
    10 | D        | Killed a bag of meat
    10 | D        | Killed a bag of meat
    10 | D        | Reached ** piety under Makhleb
    10 | D        | Noticed a bag of meat
    11 | D        | Reached XP level 14. HP: 103/103 MP: 0/0
    11 | D        | Killed a bag of meat
    11 | D        | Noticed a bag of meat
    12 | D        | Reached skill level 27 in Dodging
    12 | D        | Killed a bag of meat
    12 | D        | Killed a bag of meat
    12 | D        | Reached *** piety under Makhleb
    12 | D        | Noticed a meat berserker
    13 | D        | Reached XP level 15. HP: 109/109 MP: 0/0
    13 | D        | Learned a level 6 spell: Iron Shot
    16 | D        | Reached skill level 27 in Axes
    17 | D        | Reached **** piety under Makhleb
    18 | D        | Reached XP level 16. HP: 123/123 MP: 0/0
    18 | D        | Killed a meat berserker
    18 | D        | Noticed a large bag of meat
    21 | D        | Reached XP level 17. HP: 143/143 MP: 0/0
    21 | D        | Learned a level 6 spell: Simulacrum
    21 | D        | Reached ***** piety under Makhleb
    22 | D        | Noticed a destroyer
    24 | D        | Noticed a meat berserker
    26 | D        | Killed a large bag of meat
    27 | D        | Noticed a meat berserker
    27 | D        | Noticed a meat berserker
    27 | D        | Noticed a meat berserker
    30 | D        | Killed a meat berserker
    30 | D        | Killed a meat berserker
    31 | D        | Reached skill level 27 in Fighting
    31 | D        | Reached XP level 18. HP: 167/167 MP: 0/0
    31 | D        | Killed a destroyer
    32 | D        | Reached skill level 27 in Armour
    33 | D        | Killed a meat berserker
    34 | D        | Reached skill level 15 in Invocations
    34 | D        | Reached XP level 19. HP: 174/174 MP: 0/0
    34 | D        | Learned a level 6 spell: Dispersal
    34 | D        | Killed a meat berserker
    34 | D        | Reached ****** piety under Makhleb
    35 | D        | Noticed a destroyer
    35 | D        | Noticed a destroyer
    37 | D        | Noticed a destroyer
    40 | D        | Killed a destroyer
    41 | D        | Reached XP level 20. HP: 181/181 MP: 0/0
    43 | D        | Noticed a destroyer
    44 | D        | Killed a destroyer
    45 | D        | Reached skill level 27 in Invocations
    46 | D        | Noticed an accursed
    47 | D        | Killed a destroyer
    49 | D        | Killed an accursed
    49 | D        | Killed a destroyer
    49 | D        | Noticed a meat berserker
    50 | D        | Reached skill level 27 in Spellcasting
    50 | D        | Reached XP level 21. HP: 187/187 MP: 0/0
    50 | D        | Learned a level 8 spell: Borgnjor's Revivification
    51 | D        | Noticed an accursed
    51 | D        | Noticed a meat berserker
    52 | D        | Noticed a meat berserker
    52 | D        | Noticed an accursed
    53 | D        | Reached XP level 22. HP: 194/194 MP: 0/0
    54 | D        | Killed an accursed
    54 | D        | Killed a meat berserker
    54 | D        | Noticed a meat berserker
    55 | D        | Killed a meat berserker
    55 | D        | Killed a meat berserker
    55 | D        | Noticed a tyrant
    55 | D        | Noticed a large bag of meat
    55 | D        | Noticed a tyrant
    56 | D        | Reached skill level 27 in Throwing
    56 | D        | Reached skill level 27 in Evocations
    56 | D        | Reached skill level 5 in Staves
    56 | D        | Reached skill level 5 in Unarmed Combat
    56 | D        | Reached XP level 23. HP: 106/201 MP: 0/0
    56 | D        | Learned a level 7 spell: Storm Form
    56 | D        | Noticed a tyrant
    58 | D        | Noticed a destroyer
    59 | D        | Reached skill level 10 in Maces & Flails
    59 | D        | Reached skill level 10 in Polearms
    60 | D        | Killed a destroyer
    61 | D        | Reached skill level 15 in Staves
    61 | D        | Killed a tyrant
    61 | D        | Noticed a meat beast
    62 | D        | Reached XP level 24. HP: 193/208 MP: 0/0
    62 | D        | Killed a tyrant
    63 | D        | Killed a meat beast
    63 | D        | Killed a large bag of meat
    64 | D        | Reached skill level 27 in Unarmed Combat
    64 | D        | Reached XP level 25. HP: 201/214 MP: 0/0
    64 | D        | Learned a level 9 spell: Death's Door
    64 | D        | Noticed a meat beast
    64 | D        | Noticed a meat beast
    65 | D        | Noticed a dread
    66 | D        | Killed a meat beast
    66 | D        | Noticed a tyrant
    67 | D        | Reached skill level 27 in Maces & Flails
    67 | D        | Reached skill level 27 in Polearms
    67 | D        | Reached skill level 27 in Staves
    67 | D        | Reached skill level 10 in Ranged Weapons
    67 | D        | Reached XP level 26. HP: 188/221 MP: 0/0
    67 | D        | Killed a tyrant
    68 | D        | Reached skill level 15 in Shields
    68 | D        | Killed a meat beast
    68 | D        | Noticed a meat beast
    68 | D        | Noticed a dread
    69 | D        | Reached XP level 27. HP: 136/228 MP: 0/0
    69 | D        | Learned a level 9 spell: Chain Lightning
    69 | D        | Killed an accursed
    69 | D        | Noticed a meat beast
    69 | D        | Noticed a large bag of meat
    71 | D        | Killed a meat beast
    71 | D        | Noticed a destroyer
    72 | D        | Reached skill level 27 in Long Blades
    72 | D        | Reached skill level 27 in Shields
    72 | D        | Killed a large bag of meat
    72 | D        | Noticed a meat beast
    72 | D        | Noticed a meat beast
    73 | D        | Reached skill level 27 in Short Blades
    73 | D        | Reached skill level 27 in Ranged Weapons
    73 | D        | Noticed a dread
    73 | D        | Noticed a meat beast
    74 | D        | Noticed a tyrant
    77 | D        | Killed a meat beast
    77 | D        | Killed a dread
    77 | D        | Killed a meat beast
    78 | D        | Reached skill level 27 in Stealth
    78 | D        | Killed a meat beast
    78 | D        | Killed a dread
    81 | D        | Noticed a meat beast
    83 | D        | Killed a meat beast
    83 | D        | Noticed a dread
    84 | D        | Killed a dread
    84 | D        | Noticed a destroyer
    86 | D        | Noticed a tyrant
    86 | D        | Noticed a meat beast
    90 | D        | Noticed a tyrant
    90 | D        | Killed a meat beast
    91 | D        | Killed a tyrant
    92 | D        | Noticed a large bag of meat
    94 | D        | Killed a tyrant
    96 | D        | Noticed a tyrant
    97 | D        | Killed a tyrant
    97 | D        | Noticed The Defiler
    97 | D        | Noticed an accursed
    98 | D        | Killed a dread
   100 | D        | Noticed a destroyer
   101 | D        | Killed a destroyer
   101 | D        | Noticed an accursed
   103 | D        | Killed a large bag of meat
   104 | D        | Killed a destroyer
   104 | D        | Killed a destroyer
   104 | D        | Noticed a meat beast
   106 | D        | Killed a tyrant
   106 | D        | Killed The Defiler
   107 | D        | Noticed a dread
   107 | D        | Noticed a dread
   108 | D        | Killed a tyrant
   108 | D        | Noticed a destroyer
   109 | D        | Killed an accursed
   109 | D        | Noticed an accursed
   111 | D        | Killed a destroyer
   111 | D        | Noticed a destroyer
   112 | D        | Killed an accursed
   115 | D        | Noticed a fleshlord
   115 | D        | Noticed an accursed
   115 | D        | Noticed an accursed
   117 | D        | Noticed a destroyer
   118 | D        | Killed a dread
   119 | D        | Noticed an accursed
   120 | D        | Annihilated by a fleshlord

Illustrated notes

Levels and vault maps discovered:
D:        meatsprint

Skill      XL: |  1  2  3  4  5  6  7  8  9 10 11 12 13 14 15 16 17 18 19 20 21 22 23 24 25 26 27 |
---------------+----------------------------------------------------------------------------------+-----
Fighting       | 10 14 20 27 | 27.0
Axes           | 16 17 21 25 27 | 27.0
Throwing       | 8 16 18 27 | 27.0
Dodging        | 20 22 26 27 | 27.0
Armour         | 9 17 26 27 | 27.0
Spellcasting   | 12 19 27 | 27.0
Invocations    | 15 24 27 | 27.0
Evocations     | 17 20 27 | 27.0
Maces & Flails | 4 17 23 27 | 27.0
Polearms       | 4 17 23 27 | 27.0
Staves         | 5 19 25 27 | 27.0
Unarmed Combat | 5 20 27 | 27.0
Short Blades   | 11 20 27 | 27.0
Long Blades    | 11 20 27 | 27.0
Ranged Weapons | 10 18 27 | 27.0
Shields        | 12 21 27 | 27.0
Stealth        | 27 | 27.0

Action                   |  1- 3 |  4- 6 |  7- 9 | 10-12 | 13-15 | 16-18 | 19-21 | 22-24 | 25-27 || total
-------------------------+-------+-------+-------+-------+-------+-------+-------+-------+-------++-------
Melee: Executioner's axe |     1 |       |       |     1 |     6 |     8 |    10 |     8 |    45 ||    79
 Cast: Iron Shot         |       |       |       |       |       |       |     2 |       |     1 ||     3
  Use: Potion            |       |       |       |       |       |       |       |       |     1 ||     1
Armor: Leather armour    |       |       |       |       |       |       |       |     1 |     1 ||     2
Dodge: Dodged            |       |       |       |       |       |       |       |       |    14 ||    14
